 Dungeon Crawl Stone Soup version 0.29.1-13-g9f3cf754e1 (webtiles) character file.

Game seed: 12350306293715202933

75 shadowmeld the Insei (level 4, -6/33 HPs)
             Began as a Djinni Transmuter on Feb 1, 2023.
             Mangled by a gnoll
             ... wielding a +0 flail
              (10 damage)
             ... on level 2 of the Dungeon.
             The game lasted 00:06:25 (1715 turns).

shadowmeld the Insei (Djinni Transmuter)            Turns: 1715, Time: 00:06:26

Health: -6/33      AC:  2    Str:  9    XL:     4   Next: 55%
Gold:   95         EV: 12    Int: 17    God:
                   SH:  0    Dex: 13

rFire   + + .      SeeInvis .     - Unarmed
rCold   x . .      Faith    .   (no shield)
rNeg    . . .      Spirit   .   a - +0 robe
rPois   ∞          Reflect  .   (helmet currently unavailable)
rElec   .          Harm     .   (no cloak)
rCorr   +          Rampage  .   (no gloves)
Will    .....                   (boots unavailable)
Stlth   +.........              (no amulet)
HPRegen 0.11/turn               e - ring of resist corrosion
MPRegen 0.00/turn               (no ring)

@: appendages (expiring), attractive, flying
A: horns 2, flying, sickness immunity, fire resistance 2, cold vulnerability 1,
float, innate caster, HP casting, extra vitality 1
a: End Transformation


You were on level 2 of the Dungeon.
You had temporarily grown beastly horns.
You visited 1 branch of the dungeon, and saw 2 of its levels.

You collected 95 gold pieces.

Inventory:

Missiles
 b - 3 curare-tipped darts
 c - 4 poisoned darts
Armour
 a - a +0 robe (worn)
 h - a +0 helmet
Jewellery
 e - a ring of resist corrosion (left hand)
Scrolls
 d - a scroll of noise {unknown}
 g - a scroll of vulnerability {unknown}
 j - a scroll of identify {unknown}
Potions
 i - a potion of brilliance {unknown}
 k - a potion of curing {unknown}


   Skills:
 * Level 1.6 Fighting
 * Level 3.0 Dodging
 + Level 3.7 Unarmed Combat
 * Level 2.2 Spellcasting


You couldn't memorise any spells.
You knew the following spells:

 Your Spells              Type           Power      Damage    Failure   Level
a - Beastly Appendage     Tmut           18%        N/A       8%          1
b - Wereblood             Tmut           9%         N/A       11%         2
c - Spider Form           Tmut/Pois      9%         N/A       22%         3
d - Ice Form              Ice/Tmut       9%         N/A       58%         4
e - Apportation           Tloc           18%        N/A       8%          1
Your spell library was empty.

Dungeon Overview and Level Annotations

Branches:
Dungeon (2/15)

Altars:


Innate Abilities, Weirdness & Mutations

You have temporarily grown beastly horns.
You are flying.
You are immune to sickness and miasma.
You are immune to poison.
Your flesh is very heat resistant. (rF++)
You are vulnerable to cold. (rC-)
You float through the air rather than walking.
You learn spells naturally, not from books.
Your magical power is your life essence.
You have superior vitality. (+4 MHP)


Message History

You grow a pair of large bovine horns.
The gnoll hits you from afar with a +0 halberd!
The gnoll barely misses you.
The gnoll shouts!
You hit the gnoll. Your headbutt misses the gnoll.
The gnoll is lightly wounded.
The gnoll closely misses you.
You completely miss the gnoll. You headbutt the gnoll. You punch the gnoll.
The gnoll is heavily wounded.
The gnoll closely misses you.
You hit the gnoll but do no damage.
The gnoll is heavily wounded.
The gnoll barely misses you.
You closely miss the gnoll. Your headbutt misses the gnoll.
You punch the gnoll.
The gnoll is severely wounded.
Your transformation is almost over.
You hit the gnoll.
You kill the gnoll!
The gnoll hits you with a +0 flail! The gnoll closely misses you.
Your Dodging skill increases to level 3!
The gnoll attacks as you move away! The gnoll barely misses you.
You barely miss the gnoll.
You headbutt the gnoll, but do no damage.
The gnoll barely misses you. The gnoll closely misses you.
You hit the gnoll.
The gnoll is moderately wounded.
You hit the gnoll. Your punch misses the gnoll.
The gnoll is heavily wounded.
The gnoll hits you with a +0 flail!
* * * LOW HITPOINT WARNING * * *
The gnoll barely misses you.
It was a potion of attraction.
You feel attractive to monsters.
The gnoll closely misses you. x2; The gnoll is attracted toward you.
You barely miss the gnoll.
The gnoll is heavily wounded.
The gnoll hits you with a +0 flail!
You die...

...##.#######...####..
.#.##.# #........#
#..##.# #.##.###.#
#.###†# #.##.# #.# #.#
#.# #.##.# #.# #.###.#
#....# #.### ......#
#.#### #.#.## #.#####
#.######....##.# #.#
#..<>.@g§....... ..#
#.#####g)....... ###
#.. ........... ###
###........#
##........ ##...####
#.## ##


You could see 2 gnolls.

Vanquished Creatures
  Jessica (D:2)
  A gnoll (D:2)
  2 adders (D:2)
  A bat (D:1)
  An endoplasm (D:1)
  5 goblins (D:1)
  2 jackals (D:2)
  3 quokkas
  4 ball pythons (D:1)
  A frilled lizard (D:1)
  A kobold (D:1)
  A rat (D:1)
23 creatures vanquished.

Notes
Turn   | Place    | Note
-------+----------+-------------------------------------------
     0 | D:1      | shadowmeld the Djinni Transmuter began the quest for the
                  | Orb.
     0 | D:1      | shadowmeld set off with the following spells memorised:
                  | Beastly Appendage, Wereblood, Spider Form, Ice Form.
     0 | D:1      | Reached XP level 1. HP: 17/17 MP: 0/0
   115 | D:1      | Reached XP level 2. HP: 11/22 MP: 0/0
   954 | D:2      | Reached XP level 3. HP: 18/27 MP: 0/0
   954 | D:2      | Learned a level 1 spell: Apportation
  1115 | D:2      | Noticed Jessica
  1134 | D:2      | HP: 1/40 [Jessica/+0 club (2)]
  1138 | D:2      | Killed Jessica
  1139 | D:2      | Reached XP level 4. HP: 2/32 MP: 0/0
  1715 | D:2      | Mangled by a gnoll

Illustrated notes

Levels and vault maps discovered:
D:1:      nzn_arrival_crosshair, layout_rooms, corexii_leaking_fountain,
          minmay_misc_feat_tower, serial_bayou_pond_d
D:2:      layout_loops_corners, minmay_pentomino_s2, uniq_jessica

Skill      XL: |  1  2  3  4 |
---------------+-------------+-----
Spellcasting   | 2 |  2.2
Dodging        | 3 |  3.0
Fighting       | |  1.6
Unarmed Combat | |  3.7

Action                   |  1- 3 |  4- 6 || total
-------------------------+-------+-------++-------
Melee: Unarmed           |    74 |    32 ||   106
       Headbutt          |     8 |     6 ||    14
       Punch             |     1 |     2 ||     3
 Cast: Beastly Appendage |    14 |     4 ||    18
       Apportation       |     1 |       ||     1
  Use: Potion            |     1 |     1 ||     2
Armor: Robe              |    19 |     6 ||    25
       Skin              |     5 |       ||     5
Dodge: Dodged            |    56 |    24 ||    80
